 Dungeon Crawl Stone Soup version 0.25-a0-781-gc44aebf4fe (webtiles) character file.

Game seed: 12101256211526214997, levelgen mode: deterministic

242 Heliosone the Poker (level 5, -8/42 HPs)
             Began as a Demonspawn Gladiator on Apr 16, 2020.
             Mangled by an ice beast (13 damage)
             ... on level 4 of the Dungeon.
             The game lasted 00:05:52 (2984 turns).

Heliosone the Poker (Demonspawn Gladiator)          Turns: 2984, Time: 00:05:52

Health: -8/42      AC:  4    Str: 16    XL:     5   Next: 81%
Magic:  5/5        EV: 12    Int: 11    God:
Gold:   283        SH:  0    Dex: 14    Spells: 4/4 levels left

rFire    . . .     SeeInvis .   a - +0 trident
rCold    . . .     Gourm    .   (no shield)
rNeg     . . .     Faith    .   b - +0 leather armour
rPois    +         Spirit   .   c - +0 helmet
rElec    .         Reflect  .   (no cloak)
rCorr    .         Harm     .   (no gloves)
MR       .....                  (no boots)
Stlth    +.........             (no amulet)
HPRegen  0.14/turn              e - ring of poison resistance
MPRegen  0.09/turn              q - +2 ring of strength

@: no status effects
A: powered by death 2, spiny 1
a: no special abilities


You were on level 4 of the Dungeon.
You were not hungry.

You visited 1 branch of the dungeon, and saw 4 of its levels.

You collected 283 gold pieces.

Inventory:

Hand Weapons
 a - a +0 trident (weapon)
Missiles
 d - 3 throwing nets
 o - 7 boomerangs (quivered)
Armour
 b - a +0 leather armour (worn)
 c - a +0 helmet (worn)
 n - a +0 buckler
Jewellery
 e - a ring of poison resistance (left hand)
 q - a +2 ring of strength (right hand)
 u - an uncursed amulet of faith {unknown}
 x - an uncursed ring of resist corrosion {unknown}
Wands
 i - a wand of random effects (26)
Scrolls
 g - a scroll of enchant armour {unknown}
 h - a scroll of amnesia {unknown}
 j - a scroll of identify {unknown}
 k - 3 scrolls of remove curse {unknown}
 m - a scroll of noise {unknown}
 s - a scroll of random uselessness {unknown}
 v - a scroll of immolation {unknown}
 w - a scroll of teleportation {unknown}
Potions
 l - a potion of flight {unknown}
 p - a potion of invisibility {unknown}
 r - a potion of brilliance {unknown}
 t - a potion of haste
Comestibles
 f - 7 rations
 z - a chunk of flesh


   Skills:
 + Level 3.8 Fighting
 + Level 4.1 Polearms
 - Level 1.7 Throwing
 + Level 2.7 Armour
 - Level 2.6 Dodging


You had 4 spell levels left.
You didn't know any spells.
Your spell library contained the following spells:

 Spells                   Type           Power        Failure   Level  Hunger
 Beastly Appendage        Tmut           #.....       38%         1    ##.....
 Sticks to Snakes         Tmut           #.......     54%         2    ###....
 Spider Form              Tmut/Pois      #.........   77%         3    ####...
 Ice Form                 Ice/Tmut       #.......     99%         4    #####..
 Blade Hands              Tmut           #.........   100%        5    ######.


Dungeon Overview and Level Annotations

Branches:
Dungeon (4/15)
 Temple: D:4-7

Altars:

Annotations:
D:4 exclusion: ogre, Edmund, Grinder


Innate Abilities, Weirdness & Mutations

You regenerate health from kills.
You are partially covered in sharp spines.


Message History

The ice beast barely misses you.
Some of the chunks of flesh in your inventory have rotted away.
You barely miss the ice beast.
The ice beast is severely wounded.
The ice beast hits you. The ice beast freezes you!
You hit the ice beast but do no damage.
The ice beast is severely wounded.
The ice beast is struck by your spines. The ice beast hits you.
* * * LOW HITPOINT WARNING * * *
The ice beast freezes you!
* * * LOW HITPOINT WARNING * * *
You hit the ice beast.
The ice beast is severely wounded.
The ice beast is struck by your spines. The ice beast barely misses you.
You barely miss the ice beast.
The ice beast is almost dead.
The ice beast is struck by your spines. The ice beast hits you.
* * * LOW HITPOINT WARNING * * *
The ice beast freezes you!
You die...

### #@#
#Y## #Z.# #
#..## .#
#...# ..#
##..## .$.#
#...# Z$..#
##..#.....#
#.%......#


You could see an ice beast and a leopard gecko skeleton.

Vanquished Creatures
  A water moccasin (D:3)
  An iguana (D:4)
  5 adders
  3 worms (D:3)
  2 dart slugs
  2 leopard geckos
  2 orcs (D:3)
  2 giant cockroaches
  6 hobgoblins
  6 jackals (D:1)
  5 kobolds
  A quokka (D:3)
  3 ball pythons
  5 bats
  4 frilled lizards
  4 goblins
  A jackal skeleton (D:4)
  4 rats
57 creatures vanquished.

Notes
Turn   | Place    | Note
-------+----------+-------------------------------------------
     0 | D:1      | Heliosone the Demonspawn Gladiator began the quest for the
                  | Orb.
     0 | D:1      | Reached XP level 1. HP: 16/16 MP: 1/1
   255 | D:1      | Gained mutation: You are partially covered in sharp spines.
                  | [demonic ancestry]
   255 | D:1      | Reached XP level 2. HP: 17/22 MP: 2/2
   390 | D:1      | Reached skill level 3 in Polearms
   392 | D:1      | Reached skill level 1 in Armour
   854 | D:2      | Gained mutation: You regenerate a little health from kills.
                  | [demonic ancestry]
   854 | D:2      | Reached XP level 3. HP: 27/28 MP: 3/3
  1794 | D:2      | Gained mutation: You regenerate health from kills. [demonic
                  | ancestry]
  1794 | D:2      | Reached XP level 4. HP: 34/34 MP: 4/4
  2084 | D:3      | Noticed a water moccasin
  2095 | D:3      | Killed a water moccasin
  2095 | D:3      | Reached XP level 5. HP: 10/41 MP: 5/5
  2404 | D:3      | Reached skill level 4 in Polearms
  2888 | D:4      | Noticed an ogre
  2890 | D:4      | Noticed Grinder
  2892 | D:4      | Noticed Edmund
  2967 | D:4      | Noticed an ice beast
  2984 | D:4      | Mangled by an ice beast

Levels and vault maps discovered:
D:1:      lemuel_arrival_river_ford, layout_rooms
D:2:      layout_loops_ring, hangedman_decor_peaks_small, serial_bayou_ford_a
D:3:      layout_basic
D:4:      layout_basic, zin_statuary, minmay_temple_entry_stoned_glass,
          serial_shops, shop_fountains, st_stairs_12, kennysheep_path_1,
          minmay_crossroads, uniq_grinder, uniq_edmund, uniq_ijyb, uniq_pikel

Skill      XL: |  1  2  3  4  5 |
---------------+----------------+-----
Polearms       | 3 4 |  4.1
Armour         | 1 2 |  2.7
Fighting       | 3 |  3.8
Throwing       | |  1.7
Dodging        | |  2.6

Action                   |  1- 3 |  4- 6 || total
-------------------------+-------+-------++-------
Melee: Trident           |    92 |    71 ||   163
Throw: Throwing net      |       |     1 ||     1
       Boomerang         |       |     3 ||     3
  Use: Potion            |       |     1 ||     1
 Stab: Held in net/web   |       |     1 ||     1
       Sleeping          |       |     1 ||     1
  Eat: Chunk             |     3 |     4 ||     7
Armor: Leather armour    |    24 |    11 ||    35
Dodge: Dodged            |    58 |    28 ||    86

Table legend:
 A = Non-vault XP
 B = Vault XP
 C = Vault XP percentage of total XP
 D = Non-vault monster count
 E = Vault monster count
 F = Vault count percentage of total count
                 A         B        C        D         E       F
            +---------+---------+-------+---------+---------+-------
      Total |     296 |      50 |  14.5 |      54 |       3 |   5.3
            +---------+---------+-------+---------+---------+-------
        D:1 |      31 |       0 |   0.0 |      17 |       0 |   0.0
        D:2 |      71 |       0 |   0.0 |      22 |       0 |   0.0
        D:3 |     194 |       0 |   0.0 |      15 |       0 |   0.0
        D:4 |       0 |      50 | 100.0 |       0 |       3 | 100.0
            +---------+---------+-------+---------+---------+-------
